 Dungeon Crawl Stone Soup version 0.27-a0-93-g19769c27d7 (webtiles) character file.

Game seed: 16035542032335720918

19 PentaManta the Bolt Thrower (level 2, 0/17 HPs)
             Began as a Kobold Hunter on Jan 17, 2021.
             Slain by a goblin (3 damage)
             ... on level 1 of the Dungeon.
             The game lasted 00:01:40 (604 turns).

PentaManta the Bolt Thrower (Kobold Hunter)          Turns: 604, Time: 00:01:41

Health: 0/17       AC:  5    Str:  9    XL:     2   Next: 95%
Magic:  2/2        EV: 13    Int: 12    God:
Gold:   37         SH:  0    Dex: 15    Spells: 1/1 levels left

rFire    . . .     SeeInvis .   b - +0 short sword
rCold    . . .     Faith    .   (shield restricted)
rNeg     . . .     Spirit   .   j - +0 ring mail
rPois    .         Reflect  .   (no helmet)
rElec    .         Harm     .   (no cloak)
rCorr    .         Rampage  .   (no gloves)
Will     .....                  (no boots)
Stlth    ++........             (no amulet)
HPRegen  0.05/turn              (no ring)
MPRegen  0.08/turn              (no ring)

@: no status effects
A: small, nightstalker 3
a: no special abilities


You were on level 1 of the Dungeon.
You visited 1 branch of the dungeon, and saw 1 of its levels.

You collected 37 gold pieces.

Inventory:

Hand Weapons
 a - a +1 hand crossbow
 b - a +0 short sword (weapon)
 f - a +0 hunting sling
Missiles
 d - 20 bolts
Armour
 c - a +0 leather armour
 j - a +0 ring mail (worn)
Scrolls
 e - a scroll of amnesia {unknown}
 h - a scroll of teleportation {unknown}
 i - a scroll of immolation {unknown}
 m - a scroll of remove curse {unknown}
Potions
 g - a potion of brilliance {unknown}
 k - 2 potions of mutation {unknown}
 l - a potion of curing {unknown}


   Skills:
 - Level 2.1 Fighting
 + Level 5.7 Crossbows
 - Level 2.4 Dodging
 - Level 1.3 Stealth


You had one spell level left.
You didn't know any spells.
Your spell library was empty.

Dungeon Overview and Level Annotations

Branches:
Dungeon (1/15)

Altars:


Innate Abilities, Weirdness & Mutations

You are small and have problems with some larger weapons.
You are completely attuned to the shadows.


Message History

* * * LOW HITPOINT WARNING * * *
The jackal closely misses you.
You hit the jackal.
The jackal is heavily wounded.
The jackal misses you.
The jackal bites you but does no damage.
You hit the jackal.
You kill the jackal!
The jackal bites you but does no damage.
You hit the jackal.
The jackal is heavily wounded.
The jackal closely misses you.
You hit the jackal.
The jackal is almost dead.
The jackal misses you. The jackal bites you.
* * * LOW HITPOINT WARNING * * *
You hit the jackal.
You kill the jackal!
You barely miss the goblin. The goblin hits you.
You die...

......#....#####.
#.#.#..........
......#....#.....
#...#.......##.
.....?#....'.....
....#.#####.##.
#....#.#####
#.)#.### #.###
#..).#.....#
#.>....# #.###
##########h#
#.#..#.# #....
#h# #..†...#
##### #g#
#..#.### #@#
#..#...# #)#
#......# #.#
#.###### #.###.#
#.....# #######


You could see 2 jackals and a goblin.

Vanquished Creatures
  A dart slug (D:1)
  2 bats (D:1)
  3 giant cockroaches (D:1)
  A goblin (D:1)
  A hobgoblin (D:1)
  2 jackals (D:1)
  3 frilled lizards (D:1)
  A kobold (D:1)
  2 rats (D:1)
16 creatures vanquished.

Notes
Turn   | Place    | Note
-------+----------+-------------------------------------------
     0 | D:1      | PentaManta the Kobold Hunter began the quest for the Orb.
     0 | D:1      | Reached XP level 1. HP: 12/12 MP: 1/1
    83 | D:1      | Reached skill level 5 in Crossbows
   146 | D:1      | Reached XP level 2. HP: 17/17 MP: 2/2
   604 | D:1      | Slain by a goblin

Illustrated notes

Levels and vault maps discovered:
D:1:      lordsloth_arrival_two_stooges, layout_basic

Skill      XL: |  1 |
---------------+----+-----
Crossbows      | 5 |  5.7
Fighting       | |  2.1
Dodging        | |  2.4
Stealth        | |  1.3

Action                   || total
-------------------------++-------
Melee: Short sword       ||    71
 Stab: Sleeping          ||     5
Armor: Leather armour    ||     7
       Ring mail         ||    16
Dodge: Dodged            ||    54

Table legend: (Time is in decaauts)
 A = Elapsed time spent in this place.
 B = Non-inter-level travel time spent in this place.
 C = Inter-level travel time spent in this place.
 D = Time resting spent in this place.
 E = Time spent auto-exploring this place.
 F = Levels seen in this place.
 G = Mean time per level.
                   A        B        C        D        E       F      G
               +--------+--------+--------+--------+--------+-----+--------+
         Total |    610 |    610 |      0 |      0 |    411 |   1 |  610.0 |
       Dungeon |    610 |    610 |      0 |      0 |    411 |   1 |  610.0 |
               +--------+--------+--------+--------+--------+-----+--------+

Top non-repeatable levels by time:
     D:1: 610 daAuts
